 Dungeon Crawl Stone Soup version 0.29-a0-398-ge13fd1374b (webtiles) character file.

Game seed: 10884573031927529244

1759 quinnr the Zephyrmancer (level 9, -4/45 HPs)
             Began as a Tengu Air Elementalist on May 12, 2022.
             Slain by a five-headed hydra (6 damage)
             ... on level 6 of the Dungeon.
             The game lasted 00:16:17 (7669 turns).

quinnr the Zephyrmancer (Tengu Air Elementalist)    Turns: 7669, Time: 00:16:17

Health: -4/45      AC:  8    Str:  9    XL:     9   Next: 6%
Magic:  0/13       EV: 17    Int: 20    God:
Gold:   266        SH:  0    Dex: 14    Spells: 5/12 levels left

rFire   . . .      SeeInvis .   D - +3 whip (venom)
rCold   + . .      Faith    .   (no shield)
rNeg    . . .      Spirit   .   F - +2 robe {rC+}
rPois   +          Reflect  .   (helmet restricted)
rElec   .          Harm     .   w - +2 cloak {rPois}
rCorr   .          Rampage  .   y - +0 pair of gloves
Will    .....                   (boots unavailable)
Stlth   ++........              (no amulet)
HPRegen 0.15/turn               (no ring)
MPRegen 0.13/turn               (no ring)

@: flying quickly and evasively, quick
A: beak, talons 3, nimble flight
a: no special abilities


You were on level 6 of the Dungeon.
You visited 1 branch of the dungeon, and saw 6 of its levels.

You collected 294 gold pieces.
You spent 28 gold pieces at shops.

Inventory:

Hand Weapons
 D - a +3 whip of venom (weapon)
Missiles
 x - 7 poisoned darts
 z - 2 throwing nets
Armour
 a - a +0 robe
 w - a +2 cloak of poison resistance (worn)
 y - a +0 pair of gloves (worn)
 F - a +2 robe of cold resistance (worn)
Wands
 A - a wand of flame (21)
 B - a wand of paralysis (3)
Scrolls
 c - a scroll of fog {unknown}
 f - a scroll of acquirement {unknown}
 h - 4 scrolls of enchant armour {unknown}
 i - 2 scrolls of enchant weapon {unknown}
 k - a scroll of blinking {unknown}
 l - a scroll of fear {unknown}
 m - 3 scrolls of noise {unknown}
 n - a scroll of teleportation {unknown}
 q - 2 scrolls of brand weapon {unknown}
 r - a scroll of magic mapping {unknown}
 C - a scroll of immolation {unknown}
 G - a scroll of amnesia {unknown}
Potions
 b - 4 potions of magic
 d - 4 potions of mutation {unknown}
 e - 4 potions of haste
 g - 3 potions of flight {unknown}
 j - 2 potions of attraction {unknown}
 o - 2 potions of curing
 p - a potion of degeneration {unknown}
 s - a potion of resistance
 t - 3 potions of heal wounds
 u - a potion of might
 v - a potion of ambrosia
 E - a potion of brilliance


   Skills:
 - Level 6.0 Dodging
 - Level 2.0 Stealth
 - Level 2.0 Spellcasting
 - Level 1.3 Conjurations
 + Level 13.6 Air Magic


You had 5 spell levels left.
You knew the following spells:

 Your Spells              Type           Power      Damage    Failure   Level
a - Shock                 Conj/Air       100%       1d9       1%          1
b - Static Discharge      Conj/Air       31%        N/A       1%          2
c - Airstrike             Air            27%        N/A       1%          4

Your spell library contained the following spells:

 Spells                   Type           Power      Damage    Failure   Level
 Swiftness                Air            54%        N/A       1%          3
 Animate Skeleton         Necr           4%         N/A       16%         1
 Apportation              Tloc           4%         N/A       16%         1
 Summon Small Mammal      Summ           8%         N/A       16%         1


Dungeon Overview and Level Annotations

Branches:
Dungeon (6/15)
 Temple: D:4-7

Altars:
Hepliaklqana
Kikubaaqudgha
Nemelex Xobeh
Ru
Zin

Shops:
D:1 ?

Annotations:
D:4 exclusion: downstairs
D:5 3 runed translucent doors, HeavenlyPete's ghost, novice MiBe


Innate Abilities, Weirdness & Mutations

You have a beak for a mouth.
You have claws for feet.
Your magical nature lets you fly swiftly and evasively.


Message History

The five-headed hydra bites you.
Things that are here:
a +0 flail; a gnoll skeleton
Casting: Airstrike (dangerous; 1% risk of failure)
Confirm with . or Enter, or press ? or * to list all spells.
Aiming: Shock (safe; 1% risk of failure)
Press: ? - help, Shift-Dir - straight line, f/p - five-headed hydra
Aim: a five-headed hydra (heavily wounded, 91% to hit)
The zap hits the five-headed hydra.
The five-headed hydra is severely wounded.
The zap hits the five-headed hydra.
The five-headed hydra is severely wounded.
Casting: Shock (safe; 1% risk of failure)
Confirm with . or Enter, or press ? or * to list all spells.
Aiming: Shock (safe; 1% risk of failure)
Press: ? - help, Shift-Dir - straight line, f/p - five-headed hydra
Aim: a five-headed hydra (severely wounded, 91% to hit)
The zap hits the five-headed hydra.
The five-headed hydra is severely wounded.
The zap hits the five-headed hydra.
The five-headed hydra is severely wounded.
The five-headed hydra bites you.
The five-headed hydra bites you but does no damage. x2
The five-headed hydra misses you.
The five-headed hydra completely misses you.
Unknown command.
Casting: Shock (safe; 1% risk of failure)
Confirm with . or Enter, or press ? or * to list all spells.
Aiming: Shock (safe; 1% risk of failure)
Press: ? - help, Shift-Dir - straight line, f/p - five-headed hydra
Aim: a five-headed hydra (severely wounded, 91% to hit)
The zap hits the five-headed hydra.
The five-headed hydra is severely wounded.
The zap hits the five-headed hydra!
The five-headed hydra is almost dead.
The five-headed hydra bites you! The five-headed hydra bites you.
The five-headed hydra bites you!
* * * LOW HITPOINT WARNING * * *
The five-headed hydra bites you.
You die...

#.# #.####.###.##.## ##)#.#######
#.# #.# #.# #.###.###÷#.D.......
#.# #.# #.# #.# ##.#.......##...
#.# #.# #.# #.# ##.#.#....#
#.###.####.# #.# #.#.##.#.##..#
#..........###.# #.#.##.......#
#####..........# #.#.#........#
#.........)..#####............#
###.#.####.##..D@...)...........#
....÷.# #.##.######.............
###.#.# #.##..D...............##
#####.## #.....................#
..##...#########................
#........>..............######..
####...#########........# #
##........# ##......... #
########.# #.......###


You could see a five-headed hydra.

Vanquished Creatures
  Sigmund (D:5)
  Eustachio (D:5)
  Edmund (D:5)
  2 black bears (D:5)
  3 ogres
  2 scorpions (D:5)
  A gnoll sergeant (D:4)
  A necrophage (D:6)
  A howler monkey (D:6)
  A gnoll shaman (D:6)
  2 jellies (D:6)
  A hound (D:4)
  Crazy Yiuf (D:3)
  Jessica (D:2)
  Terence (D:2)
  An iguana (D:5)
  5 orc wizards
  Natasha (thrice) (D:2)
  Robin (D:3)
  4 gnolls (D:6)
  5 adders
  2 worms
  A dart slug (D:4)
  8 orcs
  5 ball pythons
  6 endoplasms
  3 giant cockroaches
  12 goblins
  11 hobgoblins
  4 jackals (D:2)
  4 quokkas
  5 bats
  A frilled lizard (D:1)
  7 kobolds
  12 rats
120 creatures vanquished.

Notes
Turn   | Place    | Note
-------+----------+-------------------------------------------
     0 | D:1      | quinnr the Tengu Air Elementalist began the quest for the
                  | Orb.
     0 | D:1      | Reached XP level 1. HP: 10/10 MP: 4/4
   208 | D:1      | Reached XP level 2. HP: 13/15 MP: 3/6
   361 | D:1      | Reached skill level 5 in Air Magic
   784 | D:1      | Reached XP level 3. HP: 19/19 MP: 1/7
   881 | D:1      | Learned a level 2 spell: Static Discharge
  1010 | D:1      | Found Zuaroi's Magic Scroll Emporium.
  1015 | D:1      | Bought a scroll of identify for 28 gold pieces
  1592 | D:2      | Reached skill level 6 in Air Magic
  1620 | D:2      | Found a glowing silver altar of Zin.
  1694 | D:2      | Noticed Jessica
  1702 | D:2      | Killed Jessica
  1703 | D:2      | Reached XP level 4. HP: 16/24 MP: 5/8
  1950 | D:2      | Noticed Terence
  1974 | D:2      | Killed Terence
  1975 | D:2      | Reached skill level 7 in Air Magic
  2172 | D:2      | Learned a level 4 spell: Airstrike
  2183 | D:2      | Noticed Natasha
  2185 | D:2      | Killed Natasha
  2185 | D:2      | Noticed Natasha
  2186 | D:2      | Gained mutation: Your magical nature lets you fly swiftly
                  | and evasively. [Tengu growth]
  2186 | D:2      | Reached XP level 5. HP: 28/28 MP: 3/9
  2241 | D:2      | Killed Natasha
  2474 | D:2      | Noticed Natasha
  2477 | D:2      | Killed Natasha
  2478 | D:2      | Reached skill level 8 in Air Magic
  3000 | D:3      | Found a hazy altar of Hepliaklqana.
  3003 | D:3      | Found a sacrificial altar of Ru.
  3214 | D:3      | Found a runed translucent door.
  3215 | D:3      | Noticed Crazy Yiuf
  3319 | D:3      | Noticed Robin
  3415 | D:3      | Killed Robin
  3416 | D:3      | Reached XP level 6. HP: 32/32 MP: 4/10
  3732 | D:3      | Found a sparkling altar of Nemelex Xobeh.
  3735 | D:3      | Found an ancient bone altar of Kikubaaqudgha.
  4049 | D:3      | Killed Crazy Yiuf
  4050 | D:3      | Reached skill level 9 in Air Magic
  4794 | D:5      | Entered Level 5 of the Dungeon
  4794 | D:5      | Noticed a black bear
  5136 | D:5      | Reached XP level 7. HP: 35/36 MP: 3/11
  5228 | D:4      | Reached skill level 10 in Air Magic
  5531 | D:5      | Noticed Eustachio
  5556 | D:5      | Killed Eustachio
  5736 | D:5      | Reached skill level 11 in Air Magic
  5736 | D:5      | Reached XP level 8. HP: 41/41 MP: 2/12
  5870 | D:5      | Reached skill level 5 in Dodging
  5940 | D:5      | Noticed HeavenlyPete's ghost (novice MiBe)
  5952 | D:5      | Found a runed translucent gate.
  5952 | D:5      | Found a runed translucent gate.
  5952 | D:5      | Found a runed translucent gate.
  6383 | D:5      | Noticed Sigmund
  6385 | D:5      | Noticed Edmund
  6386 | D:5      | Killed Sigmund
  6493 | D:5      | Killed Edmund
  6494 | D:5      | Reached skill level 12 in Air Magic
  7133 | D:6      | Reached skill level 13 in Air Magic
  7269 | D:6      | Reached XP level 9. HP: 45/45 MP: 6/13
  7634 | D:6      | Noticed a five-headed hydra
  7669 | D:6      | HP: 2/45 [five-headed hydra (14)]
  7669 | D:6      | Slain by a five-headed hydra

Illustrated notes

Levels and vault maps discovered:
D:1:      dpeg_arrival_arbitrary_a, layout_basic, serial_shops,
          nicolae_shop_hallway_stairs, serial_curves, eino_curves_01,
          eino_curves_03, hangedman_decor_lopped,
          chequers_serial_rivers_micro_d, dk_noncrumbling_3
D:2:      layout_basic, basic_altar, uniq_terence, uniq_jessica, uniq_natasha
D:3:      layout_basic, grunt_temple_overflow_cloverleaf, uniq_robin,
          uniq_crazy_yiuf_cottage
D:4:      layout_basic, minmay_misc_feat_rows, minmay_misc_feat_plants
D:5:      layout_cave_pods, gammafunk_ghost_split, st_stairs_10, uniq_eustachio,
          uniq_sigmund, uniq_edmund
D:6:      layout_loops_ring

Skill      XL: |  1  2  3  4  5  6  7  8 |
---------------+-------------------------+-----
Air Magic      | 5 6 7 8 9 11 13 | 13.6
Dodging        | 4 6 |  6.0
Stealth        | |  2.0
Spellcasting   | |  2.0
Conjurations   | |  1.3

Action                   |  1- 3 |  4- 6 |  7- 9 || total
-------------------------+-------+-------+-------++-------
Melee: Unarmed           |    13 |     2 |     4 ||    19
       Peck              |     3 |     1 |     1 ||     5
       Kick              |     2 |     1 |     4 ||     7
       Whip              |       |       |     4 ||     4
 Cast: Shock             |    63 |   113 |    68 ||   244
       Airstrike         |       |    11 |    27 ||    38
       Static Discharge  |       |     3 |     5 ||     8
Evoke: Wand              |       |       |     2 ||     2
  Use: Potion            |     2 |       |       ||     2
       Scroll            |       |     2 |     2 ||     4
 Stab: Sleeping          |       |     1 |       ||     1
Armor: Robe              |     5 |     2 |    14 ||    21
Dodge: Dodged            |    13 |    13 |    25 ||    51

Table legend: (Time is in decaauts)
 A = Elapsed time spent in this place.
 B = Non-inter-level travel time spent in this place.
 C = Inter-level travel time spent in this place.
 D = Time resting spent in this place.
 E = Time spent auto-exploring this place.
 F = Levels seen in this place.
 G = Mean time per level.
                   A        B        C        D        E       F      G
               +--------+--------+--------+--------+--------+-----+--------+
         Total |   7390 |   7158 |    232 |    867 |   5297 |   6 | 1231.7 |
       Dungeon |   7390 |   7158 |    232 |    867 |   5297 |   6 | 1231.7 |
               +--------+--------+--------+--------+--------+-----+--------+

Top non-repeatable levels by time:
     D:1: 1570 daAuts
     D:2: 1427 daAuts
     D:5: 1383 daAuts
     D:4: 1188 daAuts
     D:3: 1056 daAuts
     D:6: 763 daAuts
